 Dungeon Crawl Stone Soup version 0.23.2-1-ga50397a (webtiles) character file.

Game seed: 15642745593086029088

4332 IBeShadow the Grappler (level 10, -1/106 HPs)
             Began as a Troll Monk on May 20, 2019.
             Slain by WaifuGate's ghost (13 damage)
             ... on level 8 of the Dungeon.
             The game lasted 00:11:14 (6285 turns).

IBeShadow the Grappler (Troll Monk)                 Turns: 6285, Time: 00:11:15

Health: -1/106     AC:  8    Str: 22    XL:     10   Next: 12%
Magic:  9/9        EV: 10    Int:  6    God:
Gold:   290        SH:  0    Dex: 14    Spells: 9/9 levels left

rFire    . . .     SeeInvis .     - Unarmed
rCold    . . .     Gourm    +   (no shield)
rNeg     . . .     Faith    .   w - +0 robe
rPois    .         Spirit   .   k - +2 hat
rElec    .         Reflect  .   (no cloak)
rCorr    .         Harm     .   (gloves unavailable)
MR       .....                  (boots unavailable)
Stlth    ++........             c - amulet of magic regeneration
HPRegen  0.67/turn              (no ring)
MPRegen  0.36/turn              (no ring)

@: no status effects
A: large, unfitting armour, claws 3, fast metabolism 3, gourmand, regeneration
1, shaggy fur 1, tough skin 3
a: no special abilities


You were on level 8 of the Dungeon.
You were not hungry.

You visited 2 branches of the dungeon, and saw 10 of its levels.
You also visited: Ossuary.

You collected 290 gold pieces.

Inventory:

Hand Weapons
 x - a +1 hunting sling of freezing
Missiles
 y - 5 large rocks (quivered)
 B - 11 stones
Armour
 f - a +0 shield
 k - a +2 hat (worn)
 w - a +0 robe (worn)
Jewellery
 c - an amulet of magic regeneration (around neck)
Wands
 v - a wand of flame (21)
Scrolls
 d - a scroll of amnesia {unknown}
 e - 3 scrolls of immolation
 g - 6 scrolls of remove curse
 i - 3 scrolls of magic mapping
 l - 2 scrolls of enchant armour {unknown}
 n - 5 scrolls of enchant weapon
 o - 3 scrolls of random uselessness
 q - 2 scrolls of identify
 s - 4 scrolls of teleportation
 t - 2 scrolls of fog {unknown}
 u - 2 scrolls of fear {unknown}
Potions
 a - a potion of heal wounds
 h - 13 potions of curing
 j - a potion of degeneration {unknown}
 m - 2 potions of resistance {unknown}
 p - 9 potions of flight
 r - a potion of brilliance {unknown}
 z - 3 potions of haste {unknown}
 A - 2 potions of might {unknown}
Comestibles
 b - 10 rations


   Skills:
 + Level 8.6 Fighting
 * Level 1.4 Throwing
 - Level 2.4 Dodging
 - Level 1.0 Stealth
 * Level 3.9 Shields
 + Level 10.2 Unarmed Combat


You had 9 spell levels left.
You didn't know any spells.
Your spell library was empty.

Dungeon Overview and Level Annotations

Branches:
Dungeon (9/15)             Temple (1/1) D:7
   Lair: D:8-11         Orc: D:9-12

Altars:
Ashenzari
Cheibriados
Dithmenos
Elyvilon
Fedhas
Gozag
Hepliaklqana
Kikubaaqudgha
Makhleb
Nemelex Xobeh
Okawaru
Qazlal
Ru
Sif Muna
Trog
Uskayaw
Vehumet
Wu Jian
Xom
Yredelemnul
The Shining One

Shops:
D:5 %

Annotations:
D:6 1 runed translucent door, Frin's ghost, novice DrFE
D:8 WaifuGate's ghost, novice OpHu
D:9 Erolcha


Innate Abilities, Weirdness & Mutations

You are too large for most types of armour.
You have claws for hands.
Your metabolism is lightning-fast.
You like to eat raw meat.
Your natural rate of healing is unusually fast.
You are covered in fur. (AC +1)
You have extremely tough skin. (AC +3)


Message History

WaifuGate's ghost hits you but does no damage.
You are electrocuted!
You mangle WaifuGate's ghost!!
WaifuGate's ghost is almost destroyed.
WaifuGate's ghost hits you.
You are electrocuted!
* * * LOW HITPOINT WARNING * * *
Unknown command.
You miss WaifuGate's ghost. Your claw misses WaifuGate's ghost.
WaifuGate's ghost is almost destroyed.
WaifuGate's ghost says very slowly, "There's no hope."
WaifuGate's ghost hits you but does no damage.
You are electrocuted!
* * * LOW HITPOINT WARNING * * *
Unknown command.
You claw WaifuGate's ghost!
WaifuGate's ghost is almost destroyed.
WaifuGate's ghost hits you.
* * * LOW HITPOINT WARNING * * *
You are electrocuted!
You die...

# ### ########## ##### #.
..# #........# #... #.##.#
#.##.###.###.#
.....###.##.# #.....#
##...##.##.###..##.###.
##.##........>^....#.#.....
.#............<....###...#
#...###...######..#.#.##.##
..........W@##
#...#.####.##
..###'''###..###..###.#
##.# ##.......##..###..#.##
##. #.........##.....#..#
## #..........#..#..#..#
#...####....##.....>.#
#..##5$###.Z.#.#..#..#
..##.W.(.##..#.#..#..# ..
..Y=...#..#....#.)#


You could see WaifuGate's ghost.

Vanquished Creatures
  Pikel (D:5)
  A troll (D:8)
  Eustachio (D:6)
  A hungry ghost (D:7)
  Menkaure (Ossuary)
  3 ice beasts
  An orc warrior (D:4)
  2 phantoms (D:4)
  4 ogres
  5 centaurs
  A big kobold (D:8)
  5 bullfrogs
  3 scorpions
  5 killer bees (D:8)
  3 crimson imps
  3 hounds
  A bullfrog skeleton (D:8)
  A bullfrog zombie (D:6)
  A jelly (D:7)
  6 orc priests
  8 orc wizards
  Jessica (D:3)
  4 iguanas
  2 worker ants
  A bullfrog simulacrum (D:8)
  A hound zombie (D:8)
  3 mummies (Ossuary)
  A worker ant zombie (D:5)
  6 adders
  4 gnolls (D:3)
  3 shadow imps
  A white imp (D:8)
  An ooze (D:1)
  An adder skeleton (D:5)
  2 worms
  5 dart slugs (D:1)
  2 adder simulacra (D:8)
  4 leopard geckos
  31 orcs
  4 giant cockroaches
  7 goblins
  4 hobgoblins
  7 jackals
  15 kobolds
  2 quokkas
  A ball python (D:2)
  7 bats
  A frilled lizard (D:1)
  5 gnoll skeletons (Ossuary)
  A gnoll zombie (Ossuary)
  5 goblin skeletons (Ossuary)
  2 goblin zombies (Ossuary)
  2 hobgoblin skeletons (Ossuary)
  5 hobgoblin zombies (Ossuary)
  A jackal skeleton (D:4)
  5 kobold skeletons (Ossuary)
  8 kobold zombies (Ossuary)
  3 orc skeletons (Ossuary)
  5 orc zombies (Ossuary)
  9 rats
  4 rat skeletons (Ossuary)
  5 rat zombies
238 creatures vanquished.

Vanquished Creatures (others)
  A jackal (D:3)
  A hobgoblin skeleton (Ossuary)
  A kobold zombie (Ossuary)
3 creatures vanquished.

Grand Total: 241 creatures vanquished

Notes
Turn   | Place    | Note
-------+----------+-------------------------------------------
     0 | D:1      | IBeShadow the Troll Monk began the quest for the Orb.
     0 | D:1      | Reached XP level 1. HP: 22/22 MP: 0/0
   323 | D:1      | Reached XP level 2. HP: 29/29 MP: 1/1
   432 | D:1      | Reached XP level 3. HP: 33/37 MP: 2/2
  1059 | D:2      | Reached skill level 4 in Unarmed Combat
  1059 | D:2      | Reached XP level 4. HP: 29/45 MP: 3/3
  1344 | D:3      | Noticed Jessica
  1352 | D:3      | Killed Jessica
  1356 | D:3      | Reached XP level 5. HP: 54/54 MP: 4/4
  1430 | D:3      | Reached skill level 5 in Unarmed Combat
  1726 | D:3      | Reached XP level 6. HP: 63/63 MP: 5/5
  2279 | D:4      | Reached skill level 5 in Fighting
  2279 | D:4      | Reached skill level 6 in Unarmed Combat
  2279 | D:4      | Reached XP level 7. HP: 63/72 MP: 6/6
  2412 | D:4      | Found a sacrificial altar of Ru.
  2419 | D:4      | Found an ancient bone altar of Kikubaaqudgha.
  2426 | D:4      | Found a radiant altar of Vehumet.
  2433 | D:4      | Found a white marble altar of Elyvilon.
  2440 | D:4      | Found a deep blue altar of Sif Muna.
  2447 | D:4      | Found a snail-covered altar of Cheibriados.
  2452 | D:4      | Found a sparkling altar of Nemelex Xobeh.
  2588 | D:4      | Reached skill level 7 in Unarmed Combat
  2819 | D:5      | Entered Level 5 of the Dungeon
  3014 | D:5      | Reached XP level 8. HP: 83/83 MP: 7/7
  3328 | D:5      | Reached skill level 8 in Unarmed Combat
  3375 | D:5      | Noticed Pikel
  3383 | D:5      | Killed Pikel
  3536 | D:5      | Found Zeydenyj's Food Boutique.
  3564 | D:5      | Reached XP level 9. HP: 69/93 MP: 8/8
  3569 | D:5      | Reached skill level 9 in Unarmed Combat
  3916 | D:6      | Found a runed translucent door.
  3920 | D:6      | Noticed Frin's ghost (novice DrFE)
  3933 | D:6      | Noticed Eustachio
  3948 | D:6      | Killed Eustachio
  4099 | D:6      | Found a sand-covered staircase.
  4121 | Ossuary  | Entered an ossuary
  4368 | Ossuary  | Noticed Menkaure
  4379 | Ossuary  | Killed Menkaure
  4678 | D:6      | Reached skill level 1 in Shields
  5000 | D:6      | Found a bloodstained altar of Trog.
  5045 | D:7      | Found a basalt altar of Yredelemnul.
  5189 | D:7      | Reached skill level 10 in Unarmed Combat
  5198 | D:7      | Found a staircase to the Ecumenical Temple.
  5215 | Temple   | Entered the Ecumenical Temple
  5643 | D:7      | You fall through a shaft for 2 floors!
  5653 | D:9      | Noticed Erolcha
  5791 | D:8      | Noticed a troll
  5985 | D:8      | Reached XP level 10. HP: 96/106 MP: 9/9
  6040 | D:8      | Found a runed translucent gate.
  6040 | D:8      | Found a runed translucent gate.
  6040 | D:8      | Found a runed translucent gate.
  6087 | D:8      | Reached skill level 1 in Throwing
  6245 | D:8      | Noticed WaifuGate's ghost (novice OpHu)
  6285 | D:8      | Slain by WaifuGate's ghost

Skill      XL: |  1  2  3  4  5  6  7  8  9 10 |
---------------+-------------------------------+-----
Fighting       | 3 4 5 6 7 8 |  8.6
Unarmed Combat | 4 5 6 7 8 10 | 10.2
Shields        | 3 |  3.9
Throwing       | 1 |  1.4
Dodging        | |  2.4
Stealth        | |  1.0

Action                   |  1- 3 |  4- 6 |  7- 9 | 10-12 || total
-------------------------+-------+-------+-------+-------++-------
Melee: Unarmed           |    79 |   119 |   409 |    31 ||   638
       Punch             |     1 |     2 |    19 |     2 ||    24
  Use: Scroll            |       |       |     9 |       ||     9
 Stab: Sleeping          |       |       |     3 |       ||     3
  Eat: Chunk             |    11 |    13 |    35 |       ||    59
       Ration            |       |       |       |     1 ||     1
Armor: Robe              |    25 |    63 |   111 |    13 ||   212
Dodge: Dodged            |    38 |    63 |   158 |     8 ||   267
